Map: Pride of Altaris LE

Players

Hubert - Winner!

  • Race: Terran Terran

VOD

Have the link to the VOD?

Description

Time

  • Played on: Oct. 31, 2021, 5:20 p.m.
  • Length: 12:35
Show
View Real Time Build Order
Export as new Build Order

Hubert Terran - Winner!

Build Orders:  

Get SALT Encoding   

  12  0:01  SCV  
  13  0:46  SCV  
  14  0:59  Supply Depot  
  14  1:02  Supply Depot  
  14  1:03  SCV  
  15  1:11  Supply Depot  
  15  1:29  SCV  
  16  1:41  Barracks  
  16  1:46  SCV  
  17  1:51  Barracks  
  17  2:03  SCV  
  18  2:20  SCV  
  19  2:34  Barracks  
  19  2:37  SCV  
  20  2:47  Barracks  
  20  2:57  Marine  
  20  2:58  Marine  
  22  3:19  Supply Depot  
  22  3:22  Marine  
  22  3:23  Supply Depot, Marine  
  24  3:44  Barracks  
  24  3:47  Marine  
  24  3:48  Marine  
  26  3:55  Barracks  
  26  4:10  Marine x2  
  26  4:12  Marine  
  26  4:13  Marine  
  30  4:25  SCV  
  31  4:35  Marine x2  
  31  4:37  Marine  
  31  4:38  Marine  
  35  4:42  SCV  
  31  5:00  Marine x2  
  36  5:02  Marine x2  
  40  5:12  Marine x2  
  42  5:24  Marine  
  42  5:25  Marine  
  42  5:27  Marine x2  
  46  5:37  Marine x2  
  46  5:38  Supply Depot  
  48  5:49  Marine  
  49  5:50  Marine  
  50  6:19  Command Center  
  50  6:21  Marine x2  
  50  6:22  Marine x2  
  54  7:08  SCV  
  55  7:14  Marine x3  
  55  7:15  Marine x3  
  61  7:25  SCV  
  56  7:39  Marine x3  
  59  7:40  Marine x3  
  59  7:42  SCV  
  63  7:55  Supply Depot  
  63  8:03  Supply Depot  
  63  8:04  Marine x4  
  63  8:05  Marine x2  
  69  8:29  Marine x4  
  73  8:30  Marine x2  
  73  8:38  SCV, Supply Depot  
  73  8:39  SCV  
  77  8:54  Marine  
  77  8:56  Marine x2  
  77  8:57  Marine x3  
  83  9:19  Marine  
  84  9:21  Marine x2  
  84  9:22  Marine x3  
  89  9:44  Marine  
  89  9:46  Marine x2  
  92  9:55  SCV x2  
  92  9:56  Unknown  
  92  9:59  Marine  
  95  10:00  Marine x2  
  95  10:08  Marine  
  98  10:11  Marine x2  
  98  10:12  SCV x2  
  98  10:14  Supply Depot  
  98  10:19  Supply Depot  
  102  10:27  Marine  
  102  10:29  Marine  
  102  10:30  Marine  
  102  10:37  Marine x3  
  99  10:44  Unknown  
  95  10:52  Supply Depot, Marine  
  95  10:54  Marine  
  95  10:55  Marine  
  94  11:01  Supply Depot  
  94  11:02  Marine x2  
  94  11:03  Marine  
  97  11:17  Marine  
  97  11:19  Marine  
  69  11:20  Marine  
  98  11:27  Marine x2  
  98  11:28  Marine  
  101  11:49  Marine x3  
  102  11:52  Marine x2  
  102  11:53  Marine  
Tags
 
Add a new tag
Caveats
  • Supply blocks, unpowered buildings, or Contaminate may cause inaccurate times.
  • Supply counts are checked every 10 seconds.